 Dungeon Crawl Stone Soup version 0.27-a0-562-g0d39f094a4 (webtiles) character file.

Game seed: 7884820917437291750

1 porpoise the Sneak (level 1, -2/14 HPs)
             Began as a Gargoyle Delver on Mar 8, 2021.
             Killed by divine providence
             ... invoked by an orc priest
              (16 damage)
             ... on level 4 of the Dungeon.
             The game lasted 00:01:10 (96 turns).

porpoise the Sneak (Gargoyle Delver)                  Turns: 96, Time: 00:01:16

Health: -2/14      AC:  7    Str: 15    XL:     1   Next: 20%
Magic:  1/1        EV: 10    Int: 10    God:
Gold:   0          SH:  0    Dex: 11    Spells: 0/0 levels left

rFire    . . .     SeeInvis .   a - +0 mace
rCold    . . .     Faith    .   (no shield)
rNeg     + . .     Spirit   .   l - +0 ring mail
rPois    ∞         Reflect  .   (no helmet)
rElec    +         Harm     .   (no cloak)
rCorr    .         Rampage  .   (no gloves)
Will     .....                  (no boots)
Stlth    ++........             (no amulet)
HPRegen  0.04/turn              (no ring)
MPRegen  0.07/turn              (no ring)

@: no status effects
A: negative energy resistance 1, electricity resistance, torment resistance 1,
unbreathing 1, petrification resistance, AC +2
a: no special abilities


You were on level 4 of the Dungeon.
You visited 1 branch of the dungeon, and saw 2 of its levels.

Inventory:

Hand Weapons
 a - a +0 mace (weapon)
Missiles
 k - 14 stones (quivered)
Armour
 b - a +0 leather armour
 l - a +0 ring mail (worn)
Wands
 g - a wand of digging (3)
Scrolls
 c - a scroll of fog
 d - a scroll of magic mapping
 e - a scroll of fear
 i - a scroll of teleportation {unknown}
 j - a scroll of identify {unknown}
Potions
 f - a potion of haste
 h - 2 potions of curing {unknown}


   Skills:
 + Level 3.3 Fighting
 + Level 2.0 Maces & Flails
 - Level 1.5 Dodging
 - Level 5.4 Stealth


You couldn't memorise any spells.
You didn't know any spells.
Your spell library was empty.

Dungeon Overview and Level Annotations

Branches:
Dungeon (5/15)
 Temple: D:4-7

Altars:
Fedhas

Annotations:
D:4 Blork the orc


Innate Abilities, Weirdness & Mutations

Your stone body is resilient. (AC +2)
You are immune to poison.
You resist negative energy. (rN+)
You are resistant to electric shocks. (rElec)
You are resistant to unholy torment.
You can survive without breathing.
You are immune to petrification.


Message History

You see here a +0 ring mail.
l - a +0 ring mail You start removing your armour.
You continue taking off your +0 leather armour. x4
You finish taking off your +0 leather armour.
You start putting on your armour.
You continue putting on your +0 ring mail. x5
You finish putting on your +0 ring mail.
There is a stone staircase leading up here.
You climb upwards.
Blork the orc shouts!
Found 19 stones.
There is a stone staircase leading down here.
Sorry, you're not good enough to have a special ability.
Unknown command.
You don't know any spells.
Your library has no spells.
Unknown command.
Unknown command.
Unknown command.
You climb downwards.
There is a stone staircase leading up here.
Found an escape hatch in the floor.
Found a stone staircase leading up.
Found an escape hatch in the ceiling.
An adder comes into view.
The adder hisses angrily.
There is a stone staircase leading up here.
You climb upwards.
Level annotation: Blork the orc An adder, 4 orcs and a zombie come into view.
Found a kite shield.
Found a blossoming altar of Fedhas.
There is a stone staircase leading down here.
The orc wizard shouts! x2; You hear a shout!
The adder hisses angrily.
The orc wizard gestures at you while chanting.
You resist with significant effort.
The orc priest calls down the wrath of Beogh upon you.
Beogh smites you!
Ouch! That really hurt!
You die...

#.... .... #
#..# # .. #..#
.# .oo###S.##.#
...o.o.....
.........####.#.
#.>@....[..
......#..#.####.
..Z.. #....$.
.... #..#.###
... ##.#.# ..
#.. ≈ . #≈. ≈.
#.≈_ ..


You could see an orc priest, 2 orc wizards, an adder, an orc and an adder zombie
(wandering).

Vanquished Creatures
  A quokka (D:5)
1 creature vanquished.

Notes
Turn   | Place    | Note
-------+----------+-------------------------------------------
     0 | D:5      | porpoise the Gargoyle Delver began the quest for the Orb.
     0 | D:5      | Reached XP level 1. HP: 14/14 MP: 1/1
    76 | D:4      | Noticed Blork the orc
    77 | D:4      | Noticed a howler monkey
    95 | D:4      | Found a blossoming altar of Fedhas.
    95 | D:4      | Noticed an orc wizard
    95 | D:4      | Noticed an orc wizard
    95 | D:4      | Noticed an orc priest
    96 | D:4      | Killed from afar by an orc priest

Illustrated notes

Levels and vault maps discovered:
D:4:      layout_basic, old_standard_altar, overflow_temple_1_default,
          nicolae_overflow_crystal_walls,
          chequers_temple_overflow_statue_of_worship, fedhas_altar_2,
          uniq_blork_the_orc
D:5:      layout_basic

Action                   || total
-------------------------++-------
Melee: Mace              ||     2
Armor: Leather armour    ||     1
Dodge: Dodged            ||     2

Table legend: (Time is in decaauts)
 A = Elapsed time spent in this place.
 B = Non-inter-level travel time spent in this place.
 C = Inter-level travel time spent in this place.
 D = Time resting spent in this place.
 E = Time spent auto-exploring this place.
 F = Levels seen in this place.
 G = Mean time per level.
                   A        B        C        D        E       F      G
               +--------+--------+--------+--------+--------+-----+--------+
         Total |     97 |     97 |      0 |      0 |      0 |   2 |   48.5 |
       Dungeon |     97 |     97 |      0 |      0 |      0 |   2 |   48.5 |
               +--------+--------+--------+--------+--------+-----+--------+

Top non-repeatable levels by time:
     D:5: 94 daAuts
     D:4: 3 daAuts
